 Dungeon Crawl Stone Soup version 0.24.0-13-gcf9b3192b9 (webtiles) character file.

Game seed: 15782423758939647716, levelgen mode: deterministic

203 Mrkan the Covered (level 5, -5/47 HPs)
             Began as a Minotaur Fighter on Nov 5, 2019.
             Was an Initiate of Ashenzari.
             Slain by a gnoll
             ... wielding a +0 halberd
              (14 damage)
             ... on level 3 of the Dungeon.
             The game lasted 00:03:38 (2105 turns).

Mrkan the Covered (Minotaur Fighter)                Turns: 2105, Time: 00:03:39

Health: -5/47      AC:  7    Str: 25    XL:     5   Next: 51%
Magic:  4/4        EV:  7    Int:  5    God:    Ashenzari [......]
Gold:   168        SH: 10    Dex: 11    Spells: 4/4 levels left

rFire    . . .     SeeInvis .   a - +0 war axe
rCold    . . .     Gourm    .   c - +0 shield
rNeg     . . .     Faith    .   b - +0 scale mail
rPois    .         Spirit   .   (helmet restricted)
rElec    .         Reflect  .   (no cloak)
rCorr    .         Harm     .   (no gloves)
MR       .....                  (no boots)
Stlth    ..........             (no amulet)
HPRegen  0.15/turn              (no ring)
MPRegen  0.09/turn              (no ring)

@: mighty, lethally poisoned (-5 -> -7)
A: retaliatory headbutt, horns 2
a: Curse Item, Renounce Religion


You were on level 3 of the Dungeon.
You worshipped Ashenzari.
Ashenzari was noncommittal.
You were not hungry.

You visited 1 branch of the dungeon, and saw 3 of its levels.

You collected 168 gold pieces.

Inventory:

Hand Weapons
 a - a +0 war axe (weapon)
Armour
 b - a +0 scale mail (worn)
 c - a +0 shield (worn)
Jewellery
 p - an uncursed amulet of rage
Scrolls
 g - a scroll of fog {unknown}
 h - 2 scrolls of remove curse
 l - 7 scrolls of identify {unknown}
 q - 2 scrolls of magic mapping {unknown}
 r - 2 scrolls of teleportation {unknown}
Potions
 d - a potion of might
 e - 2 potions of flight {unknown}
 i - a potion of haste {unknown}
 j - a potion of brilliance {unknown}
 k - 2 potions of mutation {unknown}
 m - a potion of degeneration {unknown}
 n - a potion of curing {unknown}
 o - a potion of agility {unknown}
Comestibles
 f - 4 rations
 s - 7 chunks of flesh


   Skills:
 + Level 4.6 Fighting
 * Level 4.7 Axes
 + Level 4.7 Armour
 + Level 4.6 Shields


You had 4 spell levels left.
You didn't know any spells.
Your spell library was empty.

Dungeon Overview and Level Annotations

Branches:
Dungeon (3/15)

Altars:
Ashenzari
Gozag


Innate Abilities, Weirdness & Mutations

You reflexively headbutt those who attack you in melee.
You have a pair of horns on your head.


Message History

The adder closely misses you. You block the gnoll's attack.
You block the adder's attack.
You barely miss the adder.
The adder is heavily wounded.
You block the adder's attack. The adder bites you but does no damage.
You barely miss the adder.
The adder is moderately wounded.
You block the adder's attack. You block the gnoll's attack.
The adder bites you.
* * * LOW HITPOINT WARNING * * *
You are poisoned.
The adder poisons you!
You feel very mighty all of a sudden.
You feel sick. You block the gnoll's attack.
The adder bites you but does no damage.
You miss the adder.
The adder is moderately wounded.
You feel sick. You block the adder's attack.
The gnoll hits you from afar with a +0 halberd!
You die...

(...... ####
..g.... ##..#
....... #...#
....g..###.#.#
......#....#.#
#g.####.# #..#
#..# #S.# #.##
#..# #@# #."#
#S# #..###g#
.. #..)..g# .#
#..##### #
##.# ### #.#
..# #.# #
##.####


You could see 2 gnolls and an adder.

Vanquished Creatures
  Natasha (thrice) (D:2)
  A gnoll (D:3)
  5 adders
  An ooze (D:1)
  3 worms
  2 dart slugs (D:2)
  3 leopard geckos
  An orc (D:3)
  A ball python (D:1)
  3 bats
  3 giant cockroaches
  5 goblins
  5 hobgoblins
  6 jackals
  12 kobolds
  2 frilled lizards
  4 rats
60 creatures vanquished.

Notes
Turn   | Place    | Note
-------+----------+-------------------------------------------
     0 | D:1      | Mrkan the Minotaur Fighter began the quest for the Orb.
     0 | D:1      | Reached XP level 1. HP: 19/19 MP: 0/0
     2 | D:1      | Noticed a gargoyle
     4 | D:1      | Noticed a troll
     4 | D:1      | Noticed a human
     6 | D:1      | Noticed a merfolk
     8 | D:1      | Noticed a formicid
     8 | D:1      | Noticed a felid
    10 | D:1      | Noticed a vampire
    10 | D:1      | Noticed an elf
    12 | D:1      | Noticed a centaur
    12 | D:1      | Noticed a demonspawn
    14 | D:1      | Noticed an ogre
    14 | D:1      | Noticed a naga
    16 | D:1      | Noticed a minotaur
    18 | D:1      | Noticed a draconian
    18 | D:1      | Noticed a ghoul
    20 | D:1      | Noticed a demigod
    20 | D:1      | Noticed a vine stalker
    22 | D:1      | Noticed a halfling
    24 | D:1      | Noticed a dwarf
    24 | D:1      | Noticed an octopode
    26 | D:1      | Noticed a spriggan
    26 | D:1      | Noticed a tengu
    90 | D:1      | Reached XP level 2. HP: 25/27 MP: 1/1
   630 | D:1      | Reached XP level 3. HP: 31/33 MP: 2/2
   943 | D:2      | Found a shattered altar of Ashenzari.
   957 | D:2      | Became a worshipper of Ashenzari the Shackled
  1169 | D:2      | Reached XP level 4. HP: 35/40 MP: 3/3
  1185 | D:2      | Noticed Natasha
  1192 | D:2      | Killed Natasha
  1388 | D:2      | Noticed Natasha
  1397 | D:2      | Killed Natasha
  1398 | D:2      | Noticed Natasha
  1405 | D:2      | Killed Natasha
  1405 | D:2      | Reached XP level 5. HP: 43/47 MP: 4/4
  1522 | D:2      | Found an opulent altar of Gozag.
  2105 | D:3      | Slain by a gnoll

Levels and vault maps discovered:
D:1:      kb_arrival_jail, layout_loops_ring
D:2:      layout_basic, lemuel_round_altar, evilmike_ruin_ashenzari,
          uniq_natasha
D:3:      layout_rooms, nicolae_overflow_hidden_temple, first_ration,
          corexii_corridor_pit

Skill      XL: |  1  2  3  4 |
---------------+-------------+-----
Axes           | 3 4 |  4.7
Armour         | 4 |  4.7
Fighting       | 4 |  4.6
Shields        | 4 |  4.6

Action                   |  1- 3 |  4- 6 || total
-------------------------+-------+-------++-------
Melee: War axe           |    77 |    76 ||   153
       Headbutt          |     9 |    11 ||    20
  Use: Potion            |       |     1 ||     1
  Eat: Chunk             |     1 |     3 ||     4
Armor: Scale mail        |    34 |    33 ||    67
Dodge: Dodged            |    34 |    21 ||    55
Block: Shield            |    38 |    45 ||    83
